 Dungeon Crawl Stone Soup version 0.24-a0-203-gf0bc1e9 (webtiles) character file.

Game seed: 17823208917332765165

2818 Borgoz the Cutter (level 9, -6/67 HPs)
             Began as a Demonspawn Gladiator on Mar 27, 2019.
             Was an Initiate of Ashenzari.
             Splashed by a centaur's acid (14 damage)
             ... on level 9 of the Dungeon.
             The game lasted 00:16:20 (8575 turns).

Borgoz the Cutter (Demonspawn Gladiator)            Turns: 8575, Time: 00:16:20

Health: -6/67      AC: 11    Str: 16    XL:     9   Next: 45%
Magic:  11/11      EV: 14    Int: 11    God:    Ashenzari [......]
Gold:   457        SH:  7    Dex: 17    Spells: 6/10 levels left

rFire    + . .     SeeInvis +   D - +4 dagger (freeze)
rCold    . . .     Gourm    .   t - +2 buckler (curse)
rNeg     . . .     Faith    +   v - +3 ring mail {rF+} (curse)
rPois    .         Spirit   .   (helmet restricted)
rElec    .         Reflect  .   J - +0 cloak
rCorr    .         Harm     .   (no gloves)
MR       .....                  (no boots)
Stlth    +.........             y - amulet of faith
HPRegen  0.21/turn              K - ring of see invisible
MPRegen  0.12/turn              I - +2 ring of dexterity

@: no status effects
A: antennae 2, rugged brown scales 1, powered by death 1, powered by pain 1
a: Curse Item, Renounce Religion


You were on level 9 of the Dungeon.
You worshipped Ashenzari.
Ashenzari was noncommittal.
You were not hungry.

You visited 2 branches of the dungeon, and saw 10 of its levels.

You collected 501 gold pieces.
You spent 44 gold pieces at shops.

Inventory:

Hand Weapons
 a - a +0 rapier
 m - a +0 dagger of venom
 o - a +0 rapier
 D - a +4 dagger of freezing (weapon)
Missiles
 d - 3 throwing nets (quivered)
 C - 4 tomahawks
Armour
 t - a cursed +2 buckler (worn)
 v - a cursed +3 ring mail of fire resistance (worn)
 J - a +0 cloak (worn)
Jewellery
 h - a +1 ring of evasion
 p - an uncursed ring of stealth
 q - an uncursed ring of wizardry
 y - an amulet of faith (around neck)
 I - a +2 ring of dexterity (right hand)
 K - a ring of see invisible (left hand)
 L - an uncursed ring of protection from fire
Wands
 z - a wand of iceblast (8)
 N - a wand of paralysis (3)
 O - a wand of flame (15)
Scrolls
 e - 2 scrolls of fog
 g - a scroll of random uselessness {unknown}
 i - 5 scrolls of teleportation
 j - 2 scrolls of fear {unknown}
 k - 2 scrolls of amnesia {unknown}
 l - a scroll of blinking {unknown}
 r - a scroll of noise {unknown}
 u - 2 scrolls of remove curse
 x - a scroll of enchant weapon {unknown}
 A - 2 scrolls of magic mapping {unknown}
 B - 2 scrolls of immolation {unknown}
 G - a scroll of summoning {unknown}
 P - a scroll of enchant armour {unknown}
 T - 3 scrolls of identify
Potions
 b - 2 potions of might
 c - a potion of haste
 s - 3 potions of curing
 w - a potion of flight
 E - 2 potions of brilliance
 F - a potion of invisibility
 H - a potion of resistance
 M - a potion of berserk rage {unknown}
 Q - a potion of agility {unknown}
 R - a potion of magic {unknown}
 S - a potion of ambrosia {unknown}
Comestibles
 f - 17 rations
 n - 3 chunks of flesh


   Skills:
 + Level 4.7 Fighting
 * Level 6.3 Short Blades
 - Level 1.7 Throwing
 * Level 5.5 Armour
 * Level 6.2 Dodging
 + Level 1.1 Stealth
 + Level 3.4 Shields
 + Level 1.1 Spellcasting
 + Level 1.0 Hexes
 + Level 3.1 Evocations


You had 6 spell levels left.
You knew the following spells:

 Your Spells              Type           Power        Failure   Level  Hunger
a - Confusing Touch       Hex            #.....       36%         1    ##.....
b - Confuse               Hex            #.......     75%         3    ####...

Your spell library contained the following spells:

 Spells                   Type           Power        Failure   Level  Hunger
 Sandblast                Erth           #.....       52%         1    ##.....
 Sting                    Conj/Pois      #...         52%         1    ##.....
 Summon Small Mammal      Summ           #...         52%         1    ##.....
 Call Imp                 Summ           #.......     67%         2    ###....
 Passwall                 Tmut/Erth      #.......     67%         2    ###....
 Poisonous Vapours        Pois/Air       #.....       67%         2    ###....
 Summon Guardian Golem    Hex/Summ       #.......     83%         3    ####...
 Call Canine Familiar     Summ           #.......     88%         3    ####...
 Gell's Gravitas          Tloc           #.........   88%         3    ####...
 Mephitic Cloud           Conj/Pois/Air  #.......     88%         3    ####...
 Stone Arrow              Conj/Erth      #.....       88%         3    ####...
 Olgreb's Toxic Radiance  Pois           #.......     99%         4    #####..
 Petrify                  Tmut/Erth      #.......     99%         4    #####..
 Summon Ice Beast         Ice/Summ       #.......     99%         4    #####..
 Summon Lightning Spire   Summ/Air       #.......     99%         4    #####..
 Lee's Rapid Deconstruct  Erth           #.........   100%        5    ######.
 Metabolic Englaciation   Hex/Ice        #.........   100%        5    ######.
 Venom Bolt               Conj/Pois      #.........   100%        5    ######.
 Yara's Violent Unravell  Hex/Tmut       #.........   100%        5    ######.


Dungeon Overview and Level Annotations

Branches:
Dungeon (9/15)             Temple (1/1) D:7
   Lair: D:8-11         Orc: D:9-12

Altars:
Ashenzari
Cheibriados
Dithmenos
Elyvilon
Fedhas
Gozag
Hepliaklqana
Kikubaaqudgha
Makhleb
Nemelex Xobeh
Okawaru
Qazlal
Ru
Sif Muna
Trog
Uskayaw
Vehumet
Wu Jian
Xom
Yredelemnul
Zin
The Shining One

Shops:
D:7 ?


Innate Abilities, Weirdness & Mutations

You have a pair of antennae on your head.
You are partially covered in rugged brown scales. (AC +1, +3% HP)
You regenerate a little health from kills.
You sometimes gain a little power by taking damage.


Message History

You see here an arrow.
The centaur zaps a wand.
The bolt of acid hits you!!
You are splashed with acid!
The centaur zaps a wand.
The bolt of acid misses you.
Found 5 gold pieces.
You are too injured to fight recklessly!
You are too injured to fight recklessly!
Unknown command.
You feel better.
You are too injured to fight recklessly!
You are too injured to fight recklessly!
You are too injured to fight recklessly!
The centaur shoots an arrow.
You block the arrow.
An ogre comes into view. It is wielding a +0 giant club.
The centaur zaps a wand.
The bolt of acid misses you.
The centaur shoots an arrow.
The arrow barely misses you.
The centaur zaps a wand.
The bolt of acid hits you!!
* * * LOW HITPOINT WARNING * * *
You are splashed with acid!
You die...

#.#### #.... .....
#.#.. ..#.# #.#.#
#.#.# #.#.# #.#.# #
#######.#.###.#.# .#
............#.#.##.#
#######.#####....O.#
#...(((...@c.#
########....##
#....# ......#
.......# #.....###
#.....# #...$..


You could see an ogre and a centaur.

Vanquished Creatures
  A troll (D:7)
  A hippogriff (D:8)
  A water moccasin (D:8)
  An orc warrior (D:8)
  2 black bears
  An eye of draining (D:6)
  A necrophage (D:7)
  4 centaurs
  4 ogres
  A big kobold (D:7)
  2 bullfrogs
  A scorpion (D:7)
  7 howler monkeys
  A crimson imp (D:2)
  2 jellies
  2 hounds
  An orc priest (D:4)
  An orc wizard (D:9)
  2 bullfrog skeletons
  Ijyb (D:3)
  Terence (D:3)
  3 worker ants
  A hound zombie (D:7)
  A howler monkey zombie (D:7)
  A worker ant zombie (D:8)
  4 gnolls
  13 adders
  A shadow imp (D:8)
  2 oozes
  2 adder skeletons
  A worm (D:2)
  2 dart slugs
  9 leopard geckos
  14 orcs
  8 giant cockroaches
  2 goblins (D:1)
  5 hobgoblins
  6 jackals
  10 kobolds
  2 quokkas
  2 ball pythons
  A ball python skeleton (D:4)
  6 bats
  4 frilled lizards
  2 quokka skeletons
  4 rats
144 creatures vanquished.

Notes
Turn   | Place    | Note
-------+----------+-------------------------------------------
     0 | D:1      | Borgoz the Demonspawn Gladiator began the quest for the
                  | Orb.
     0 | D:1      | Reached XP level 1. HP: 16/16 MP: 1/1
   186 | D:1      | Gained mutation: You sometimes gain a little power by
                  | taking damage. [demonic ancestry]
   186 | D:1      | Reached XP level 2. HP: 19/22 MP: 2/2
   381 | D:1      | Reached skill level 1 in Armour
   690 | D:2      | Found a blossoming altar of Fedhas.
   750 | D:2      | Reached XP level 3. HP: 21/27 MP: 3/3
  1164 | D:2      | Gained mutation: You are partially covered in rugged brown
                  | scales. (AC +1, +3% HP) [demonic ancestry]
  1164 | D:2      | Reached XP level 4. HP: 22/35 MP: 4/4
  1669 | D:3      | Noticed Terence
  1685 | D:3      | Killed Terence
  1972 | D:3      | Gained mutation: You regenerate a little health from kills.
                  | [demonic ancestry]
  1972 | D:3      | Reached XP level 5. HP: 40/40 MP: 5/5
  2082 | D:3      | Found an ancient bone altar of Kikubaaqudgha.
  2216 | D:3      | Noticed Ijyb
  2230 | D:3      | Killed Ijyb
  2817 | D:4      | Reached skill level 1 in Shields
  3069 | D:4      | Noticed an ogre
  3081 | D:4      | Killed an ogre
  3081 | D:4      | Reached XP level 6. HP: 33/47 MP: 6/6
  3475 | D:5      | Entered Level 5 of the Dungeon
  3475 | D:5      | Found a glowing silver altar of Zin.
  3475 | D:5      | Found a shimmering altar of Xom.
  3475 | D:5      | Noticed an angel
  3773 | D:5      | Found a sparkling altar of Nemelex Xobeh.
  3871 | D:5      | Found an ornate altar of the Wu Jian Council.
  4066 | D:5      | Found a deep blue altar of Sif Muna.
  4584 | D:6      | Reached XP level 7. HP: 11/53 MP: 7/7
  4601 | D:6      | Found a bloodstained altar of Trog.
  5004 | D:6      | Reached skill level 1 in Evocations
  5196 | D:6      | Found a white marble altar of Elyvilon.
  5304 | D:6      | Found a basalt altar of Yredelemnul.
  5484 | D:7      | Found a glowing golden altar of the Shining One.
  5596 | D:7      | Found Laicibats's Magic Scroll Emporium.
  5601 | D:7      | Bought a scroll of identify for 22 gold pieces
  5601 | D:7      | Bought a scroll of identify for 22 gold pieces
  5610 | D:7      | Found a hide-covered altar of Uskayaw.
  5646 | D:7      | Reached skill level 5 in Short Blades
  5658 | D:7      | Gained mutation: You have a pair of small antennae on your
                  | head. [demonic ancestry]
  5658 | D:7      | Reached XP level 8. HP: 56/61 MP: 9/9
  5759 | D:7      | Reached skill level 5 in Dodging
  5783 | D:7      | Noticed a troll
  5789 | D:7      | Killed a troll
  5949 | D:7      | Learned a level 1 spell: Confusing Touch
  5953 | D:7      | Learned a level 3 spell: Confuse
  6199 | D:7      | Found a staircase to the Ecumenical Temple.
  6261 | Temple   | Entered the Ecumenical Temple
  6404 | Temple   | Became a worshipper of Ashenzari the Shackled
  6891 | D:7      | HP: 1/59 [acid (10)]
  7477 | D:8      | Reached skill level 5 in Armour
  7607 | D:8      | Gained mutation: You have a pair of antennae on your head.
                  | [demonic ancestry]
  7607 | D:8      | Reached XP level 9. HP: 65/67 MP: 10/10
  8110 | D:8      | Reached skill level 1 in Spellcasting
  8139 | D:8      | Reached skill level 1 in Stealth
  8139 | D:8      | Reached skill level 1 in Hexes
  8575 | D:9      | Splashed by a centaur's acid

Levels and vault maps discovered:
D:1:      scummos_arrival_simple_crosswalls, layout_basic, serial_bayou_lake_a
D:2:      layout_basic, fedhas_altar_1, grunt_ministairs_9, nrook_mini_backslash
D:3:      layout_basic, kiku_gazebo_garden_becter, first_ration, uniq_terence,
          uniq_ijyb
D:4:      layout_loops_corners, chequers_decorated_corner,
          kennysheep_opposing_triangles
D:5:      layout_basic, grunt_temple_overflow_order_and_chaos_1,
          overflow_temple_1_default, lemuel_crystal_altar, kennysheep_little_box
D:6:      layout_loops_corners, kennysheep_ying_yang, trog_eyes_of_draining
D:7:      layout_gridville, tso_altar, minmay_temple_entry_fiery, serial_shops,
          shop, serial_co_window_serial, co_window_of_opportunity_a,
          co_window_paths_a, co_window_corner_a, co_window_cross_1,
          co_window_of_opportunity_a, co_window_corner_a, co_window_paths_a,
          co_window_2corner, co_window_corner_b, co_window_corner_b,
          co_window_corner_cb, co_window_unsneaky_path_d, co_window_4corner_b,
          glass_columns_b, minmay_ruined_shrine
D:8:      layout_gridville, grunt_pizzeria, minmay_starry_boxes
D:9:      gammafunk_corrupted_shrine, layout_basic
Temple:   grunt_temple_mini_profane

Skill      XL: |  1  2  3  4  5  6  7  8  9 |
---------------+----------------------------+-----
Short Blades   | 3 4 5 6 |  6.3
Dodging        | 3 4 5 6 |  6.2
Armour         | 1 2 3 4 5 |  5.5
Shields        | 1 2 3 |  3.4
Fighting       | 3 4 |  4.7
Evocations     | 1 2 3 |  3.1
Spellcasting   | 1 |  1.1
Stealth        | 1 |  1.1
Hexes          | 1 |  1.0
Throwing       | |  1.7

Action                   |  1- 3 |  4- 6 |  7- 9 || total
-------------------------+-------+-------+-------++-------
Melee: Rapier            |    46 |       |       ||    46
       Dagger            |    57 |   221 |   531 ||   809
Throw: Throwing net      |       |       |     1 ||     1
Invok: Curse Item        |       |       |     2 ||     2
Evoke: Wand              |       |     1 |     4 ||     5
  Use: Scroll            |       |     6 |     4 ||    10
       Potion            |       |       |     2 ||     2
 Stab: Paralysed         |       |       |     1 ||     1
       Held in net/web   |       |       |     2 ||     2
  Eat: Chunk             |     1 |    10 |    11 ||    22
       Ration            |       |       |     1 ||     1
Armor: Leather armour    |    20 |     2 |       ||    22
       Ring mail         |       |    71 |   110 ||   181
Dodge: Dodged            |    57 |   126 |   226 ||   409
Block: Buckler           |       |    43 |   136 ||   179

Table legend:
 A = Non-vault XP
 B = Vault XP
 C = Vault XP percentage of total XP
 D = Non-vault monster count
 E = Vault monster count
 F = Vault count percentage of total count
                 A         B        C        D         E       F
            +---------+---------+-------+---------+---------+-------
      Total |    3220 |     807 |  20.0 |     128 |      16 |  11.1
            +---------+---------+-------+---------+---------+-------
        D:1 |      38 |       0 |   0.0 |      19 |       0 |   0.0
        D:2 |      96 |       2 |   2.0 |      11 |       1 |   8.3
        D:3 |      80 |      72 |  47.4 |      23 |       2 |   8.0
        D:4 |      73 |     108 |  59.7 |       9 |       2 |  18.2
        D:5 |     131 |       0 |   0.0 |       9 |       0 |   0.0
        D:6 |     307 |     130 |  29.7 |      11 |       3 |  21.4
        D:7 |    1455 |     105 |   6.7 |      22 |       5 |  18.5
        D:8 |     975 |     390 |  28.6 |      18 |       3 |  14.3
        D:9 |      65 |       0 |   0.0 |       6 |       0 |   0.0
            +---------+---------+-------+---------+---------+-------
